 Dungeon Crawl Stone Soup version 0.20-a0-345-gbfb25ec (webtiles) character file.

81 GlaceonGamingDJ the Cutter (level 4, 0/44 HPs)
             Began as a Troll Berserker on Dec 22, 2016.
             Was a Believer of Trog.
             Slain by an adder (1 damage)
             ... on level 3 of the Dungeon.
             The game lasted 00:14:22 (1496 turns).

GlaceonGamingDJ the Cutter (Troll Berserker)        Turns: 1496, Time: 00:14:23

Health: 0/44       AC:  7    Str: 26    XL:     4   Next: 19%
Magic:  3/3        EV: 10    Int:  1    God:    Trog [**....]
Gold:   66         SH:  0    Dex:  9    Spells: 3/3 levels left

rFire  . . .     SeeInvis .     a - +1 short sword
rCold  . . .     Gourm    +     b - +0 animal skin
rNeg   . . .     Faith    .     (no shield)
rPois  .         Spirit   .     (helmet restricted)
rElec  .         Reflect  .     (no cloak)
rCorr  .         Harm     .     (gloves unavailable)
MR     .....     Rnd*Rage +     (boots unavailable)
Stlth  +.........               (no amulet)
                                (no ring)
                                (no ring)

@: exhausted, slowed, very slow
A: unfitting armour, claws 3, slimy green scales 1, berserk 1, dopey 1, fast
metabolism 3, gourmand, regeneration 1, shaggy fur 1, tough skin 2
a: Berserk, Trog's Hand, Burn Spellbooks, Renounce Religion


You were on level 3 of the Dungeon.
You worshipped Trog.
Trog was pleased with you.
You were full.

You visited 1 branch of the dungeon, and saw 3 of its levels.

You collected 66 gold pieces.

Inventory:

Hand Weapons
 a - a +1 short sword (weapon)
Armour
 b - a +0 animal skin (worn)
Jewellery
 g - an uncursed ring of stealth {unknown}
Scrolls
 h - 2 scrolls of remove curse
 i - 2 scrolls of identify
Potions
 d - a potion of brilliance
 e - a potion of curing
 f - a potion of agility {unknown}
Comestibles
 c - 2 bread rations


   Skills:
 + Level 2.8 Fighting
 + Level 3.3 Short Blades
 + Level 3.1 Dodging


You had 3 spell levels left.
You didn't know any spells.

Dungeon Overview and Level Annotations

Branches:
Dungeon (3/15)

Altars:

Annotations:
D:3 Da5id's ghost, novice GrIE; Sigmund


Innate Abilities, Weirdness & Mutations

You are too large for most types of armour.
You have claws for hands.
Your metabolism is lightning-fast.
You like to eat raw meat.
Your natural rate of healing is unusually fast.
You are covered in fur. (AC +1)
You have very tough skin. (AC +2)
You are partially covered in slimy green scales. (AC +2)
You tend to lose your temper in combat.
You are dopey. (Int -2)


Message History

The adder bites you.
You feel sick. The adder bites you.
Da5id's ghost hits you but does no damage.
The adder bites you but does no damage. x2; Da5id's ghost hits you!
* * * LOW HITPOINT WARNING * * *
The adder barely misses you.
You feel sick. Da5id's ghost barely misses you. The adder barely misses you.
Da5id's ghost hits you.
* * * LOW HITPOINT WARNING * * *
The adder completely misses you.
Da5id's ghost says, "What's the hurry?
You'll die anyway."
The adder bites you.
* * * LOW HITPOINT WARNING * * *
You feel sick. The adder bites you.
* * * LOW HITPOINT WARNING * * *
You feel sick.
You are no longer poisoned.
The adder bites you.
You die...

####### .......
###############.......
#...........WS@.......
#.........#########..#
#.........#
#...(.....#
###.........#
........#####
........# .†...##.# #
.....##$...


You could see Da5id's ghost and an adder.

Vanquished Creatures
  Terence (D:2)
  An adder (D:3)
  A worm (D:2)
  3 dart slugs
  5 goblins (D:1)
  7 hobgoblins
  3 kobolds
  9 bats
  A frilled lizard (D:2)
  6 rats
37 creatures vanquished.

Notes
Turn   | Place    | Note
-------+----------+-------------------------------------------
     0 | D:1      | GlaceonGamingDJ the Troll Berserker began the quest for the Orb.
     0 | D:1      | Reached XP level 1. HP: 22/22 MP: 0/0
   132 | D:1      | Reached XP level 2. HP: 24/29 MP: 1/1
   160 | D:1      | Gained mutation: You tend to lose your temper in combat. [potion of mutation]
   160 | D:1      | Gained mutation: You are partially covered in slimy green scales. (AC +2) [potion of mutation]
   160 | D:1      | Gained mutation: You are dopey. (Int -2) [potion of mutation]
   540 | D:1      | Reached XP level 3. HP: 34/36 MP: 2/2
   954 | D:2      | Reached ** piety under Trog
  1087 | D:2      | Noticed Terence
  1092 | D:2      | Killed Terence
  1186 | D:2      | Reached XP level 4. HP: 44/44 MP: 3/3
  1469 | D:3      | Noticed Da5id's ghost (novice GrIE)
  1472 | D:3      | Noticed Sigmund
  1495 | D:3      | HP: 2/44 [adder (5)]
  1496 | D:3      | Slain by an adder

Vault maps used:
D:1:      mushboom_english_gardens
D:2:      uniq_terence
D:3:      uniq_natasha, uniq_sigmund

Skill      XL: |  1  2  3 |
---------------+----------+-----
Short Blades   | 3 |  3.3
Dodging        | 3 |  3.1
Fighting       | |  2.8

Action                   |  1- 3 |  4- 6 || total
-------------------------+-------+-------++-------
Melee: Short sword       |   106 |     6 ||   112
Invok: Berserk           |     1 |       ||     1
  Use: Potion            |     4 |       ||     4
       Scroll            |     4 |       ||     4
  Eat: Chunk             |    17 |       ||    17
Armor: Animal skin       |    49 |    19 ||    68
Dodge: Dodged            |    54 |    18 ||    72
